 Dungeon Crawl Stone Soup version 0.31.0-2-g5a2aebc5c2 (webtiles) character file.

Game seed: 14883936461369470956

9410 EnegeticOcto the Cleaver (level 11, -3/97 HPs)
             Began as a Minotaur Fighter on Jan 20, 2024.
             Was a High Priest of Cheibriados.
             Slain by a yak (11 damage)
             ... on level 10 of the Dungeon.
             The game lasted 00:05:32 (9262 turns).

EnegeticOcto the Cleaver (Minotaur Fighter)         Turns: 9262, Time: 00:05:32

Health: -3/97      AC: 13    Str: 35    XL:     11   Next: 22%
Magic:  7/12       EV: 17    Int: 16    God:    Cheibriados [*****.]
Gold:   1062       SH:  8    Dex: 28    Spells: 10/10 levels left

rFire   . . .        a - +0 broad axe
rCold   . . .        c - +0 buckler
rNeg    . . .        x - +0 swamp dragon scales
rPois   +            (helmet restricted)
rElec   .            p - scarf {shadows}
rCorr   .            (no gloves)
SInv    .            (no boots)
Will    .....        j - amulet of the acrobat
Stlth   ++           r - +4 ring of protection
HPRegen 0.36/turn    z - +6 ring of dexterity
MPRegen 0.13/turn

%: acrobat
@: very slow
A: horns 2, retaliatory headbutt
a: Renounce Religion, Bend Time, Temporal Distortion, Slouch, Step From Time


You were on level 10 of the Dungeon.
You worshipped Cheibriados.
Cheibriados was extremely pleased with you.
You visited 1 branch of the dungeon, and saw 10 of its levels.
You also visited: Bailey.

You collected 1205 gold pieces.
You spent 143 gold pieces at shops.

Inventory:

Hand Weapons
 a - a +0 broad axe (weapon)
   (You took it off an orc warrior in a bailey)
 q - a +0 heavy war axe
   (You found it on level 5 of the Dungeon)
 C - a +0 war axe of freezing
   (You took it off an orc on level 8 of the Dungeon)
 F - a +0 war axe of protection
Missiles
 l - 2 throwing nets (quivered)
Armour
 b - a +0 scale mail
 c - a +0 buckler (worn)
 p - a scarf of shadows (worn)
   (You found it on level 4 of the Dungeon)
 x - +0 swamp dragon scales (worn)
   (You took it off Maggie on level 6 of the Dungeon)
Jewellery
 f - a ring of fire
   (You found it on level 2 of the Dungeon)
 j - an amulet of the acrobat (around neck)
   (You found it on level 4 of the Dungeon)
 r - a +4 ring of protection (left hand)
   (You found it on level 5 of the Dungeon)
 z - a +6 ring of dexterity (right hand)
   (You found it on level 7 of the Dungeon)
Wands
 m - a wand of iceblast (5) {@v2}
   (You found it on level 4 of the Dungeon)
 u - a wand of flame (18) {@v4}
   (You took it off a gnoll on level 7 of the Dungeon)
 w - a wand of paralysis (23)
   (You found it on level 6 of the Dungeon)
 B - a wand of mindburst (18)
   (You found it on level 8 of the Dungeon)
 E - a wand of acid (15) {@v1}
   (You found it on level 8 of the Dungeon)
Scrolls
 e - a scroll of amnesia
 g - 2 scrolls of revelation
 h - 2 scrolls of teleportation {@r3}
 n - 2 scrolls of fear
 y - 2 scrolls of noise
 D - a scroll of vulnerability
 G - a scroll of identify {@r1}
Potions
 d - 3 potions of might {@q3}
 i - 9 potions of curing {@q1}
 k - 2 potions of mutation
 o - 3 potions of brilliance
 s - a potion of attraction
 t - 2 potions of haste {@q4}
 A - a potion of degeneration


   Skills:
 + Level 9.3 Fighting
 * Level 12.1 Axes
 + Level 9.3 Armour
 + Level 6.0 Dodging
 + Level 9.1 Shields
 + Level 3.7 Invocations
 + Level 3.3 Evocations


You had 10 spell levels left.
You didn't know any spells.
Your spell library was empty.

Dungeon Overview and Level Annotations

Branches:
Dungeon (10/15)            Temple (0/1) D:6            Lair (0/5) D:10
    Orc (0/2) D:9          Bailey (visited)

Altars:
Ashenzari
Cheibriados
Okawaru
Uskayaw
The Shining One

Shops:
D:1 *   D:2 [   D:5 !?![


Innate Abilities, Weirdness & Mutations

You have a pair of horns on your head.
You reflexively headbutt those who attack you in melee.


Message History

The death yak gores you!
* * * LOW HITPOINT WARNING * * *
The death yak gores you.
* * * LOW HITPOINT WARNING * * *
You warp the flow of time around you!
You warp the flow of time around you!
You fail to use your ability.
The death yak bellows! x4; The yak bellows!
The death yak closely misses you. x2; You furiously retaliate!
You headbutt the death yak! The yak closely misses you.
The yak barely misses you. You block the yak's attack.
The death yak barely misses you.
Cleave: a) +0 broad axe
Press: ? - help, Dir - move target, f - yak
Aim: a yak (about 21% to evade your +0 broad axe)
Okay, then.
Okay, then.
As you read the scroll of fear, it crumbles to dust.
You assume a fearsome visage.
The death yak looks frightened!
The death yak resists with almost no effort.
The death yak easily resists.
The death yak looks frightened! x2
The yak looks frightened! x6; The vampire mosquito is unaffected.
The death yak barely misses you. You furiously retaliate!
You headbutt the death yak!
Unknown command.
The death yak completely misses you. x2; You furiously retaliate!
You headbutt the death yak! The vampire mosquito misses you.
The death yak seems to regain its courage.
You block the vampire mosquito's attack.
The vampire mosquito completely misses you.
You block the death yak's attack.
The death yak gores you but does no damage.
The death yak seems to regain its courage.
You block the vampire mosquito's attack.
The vampire mosquito closely misses you.
The death yak attacks as it pursues you!
The death yak barely misses you. The death yak completely misses you. x2
The death yak misses you. You furiously retaliate!
You headbutt the death yak! You hit the death yak.
The death yak is lightly wounded.
You hit the death yak. You block the death yak's attack. x2
You feel much better. The death yak barely misses you.
The death yak closely misses you. You furiously retaliate!
You headbutt the death yak. You barely miss the death yak.
The death yak is lightly wounded.
You slash the death yak! You block the death yak's attack.
The death yak closely misses you. You furiously retaliate!
You headbutt the death yak, but do no damage.
You hit the death yak. You headbutt the death yak!
The death yak is moderately wounded.
You slash the death yak! The death yak gores you!
* * * LOW HITPOINT WARNING * * *
The death yak misses you.
You slash the death yak! You headbutt the death yak.
The death yak is heavily wounded.
You slash the death yak! The death yak misses you.
The death yak gores you but does no damage.
You slice the death yak!!
The death yak is severely wounded.
You completely miss the death yak. You block the death yak's attack.
The death yak gores you but does no damage.
You slash the death yak!
You headbutt the death yak, but do no damage.
The death yak is almost dead.
You barely miss the death yak. You block the death yak's attack.
The death yak gores you.
* * * LOW HITPOINT WARNING * * *
You barely miss the death yak. You headbutt the death yak.
The death yak is almost dead.
You slash the death yak! The death yak barely misses you.
You furiously retaliate!
You headbutt the death yak!
You kill the death yak!
Cheibriados appreciates the change of pace.
You block the death yak's attack. The yak completely misses you.
The death yak completely misses you.
The death yak snorts and paws the ground.
The yak completely misses you.
You hit the death yak but do no damage.
The death yak is severely wounded.
You hit the yak. The death yak gores you!
* * * LOW HITPOINT WARNING * * *
The yak gores you but does no damage.
Okay, then.
Okay, then.
You slice the death yak!! You headbutt the death yak.
You kill the death yak!
Cheibriados appreciates the change of pace.
You hit the yak but do no damage. The yak gores you but does no damage.
Your Axes skill increases to level 12!
Your Shields skill increases to level 9!
You slice the death yak!!
You kill the death yak!
Cheibriados appreciates the change of pace.
You hit the yak. You block the yak's attack.
Your Dodging skill increases to level 6!
You hit the yak.
The yak is moderately wounded.
The yak gores you!
You die...

#.# ##.########.#....
##.### #..........#...# >
.....# #..#######.....#..
##.#.# ####..# #.........
#.#.# #.....# #Y........
#.#.# #.....# #....Y..Y.
#.#.# #.....# #..†....##
##.#.###.....######YY######
..............)Y@Y.Y.#
.........<.#.######Y##
.....###..........y.#
##...........########
#############


You could see 2 death yaks and 4 yaks.

Vanquished Creatures
  A two-headed ogre (D:10)
  4 death yaks (D:10)
  Maggie (D:6)
  Sigmund (D:2)
  A vampire (D:10)
  Eustachio (D:6)
  5 yaks (D:9)
  4 steam dragons
  A vampire mosquito (D:10)
  A water moccasin (D:8)
  An acid dragon (D:9)
  Duvessa (D:5)
  2 black bears
  4 orc warriors
  A sky beast (D:7)
  2 ogres (D:5)
  2 centaurs (D:7)
  A phantom (D:6)
  Blork the orc (D:5)
  2 bullfrogs
  9 kobold brigands
  2 scorpions (D:5)
  10 wights
  Dowan (D:5)
  8 killer bees (D:9)
  A quasit (D:5)
  2 bombardier beetles
  7 hounds
  2 gnoll boudas
  3 orc priests
  Crazy Yiuf (D:5)
  3 jellies
  4 iguanas
  A sleepcap (D:7)
  4 orc wizards
  2 adders
  30 gnolls
  4 ufetubi
  4 dart slugs
  A ribbon worm (D:2)
  25 orcs
  5 bats
  3 endoplasms
  4 goblins
  4 hobgoblins
  3 jackals (D:3)
  5 quokkas
  5 ball pythons
  5 frilled lizards (D:1)
  3 goblin skeletons (D:5)
  4 hobgoblin zombies (D:5)
  28 kobolds
  3 kobold skeletons (D:5)
  A kobold zombie (D:5)
  2 orc zombies (D:5)
  5 rats
241 creatures vanquished.

Vanquished Creatures (others)
  A kobold zombie (D:5)
1 creature vanquished.

Grand Total: 242 creatures vanquished

Notes
Turn   | Place    | Note
-------+----------+-------------------------------------------
     0 | D:1      | EnegeticOcto the Minotaur Fighter began the quest for the
                  | Orb.
     0 | D:1      | Reached XP level 1. HP: 19/19 MP: 0/0
   163 | D:1      | Found Byjaegun's Assorted Antiques.
   259 | D:1      | Reached XP level 2. HP: 27/27 MP: 1/1
   331 | D:1      | Reached skill level 3 in Axes
   961 | D:2      | Reached XP level 3. HP: 33/33 MP: 2/2
  1129 | D:2      | Found a faded altar of an unknown god.
  1156 | D:2      | Found Ycvil's Armour Shoppe.
  1175 | D:2      | Prayed at the altar of an unknown god.
  1175 | D:2      | Became a worshipper of the Shining One
  1175 | D:2      | Reached * piety under the Shining One
  1346 | D:2      | Noticed Sigmund
  1351 | D:2      | Killed Sigmund
  1352 | D:2      | Reached skill level 4 in Axes
  1352 | D:2      | Reached XP level 4. HP: 18/41 MP: 3/3
  1352 | D:2      | Reached XP level 5. HP: 21/47 MP: 4/4
  1529 | D:3      | Reached skill level 5 in Axes
  1667 | D:3      | Reached XP level 6. HP: 35/55 MP: 5/5
  1753 | D:3      | Reached skill level 5 in Armour
  1759 | D:3      | Reached skill level 5 in Fighting
  1881 | D:3      | Reached skill level 5 in Shields
  2500 | D:4      | Found a snail-covered altar of Cheibriados.
  2672 | D:4      | Fell from the grace of the Shining One
  2672 | D:4      | Became a worshipper of Cheibriados the Contemplative
  3063 | D:4      | Reached skill level 6 in Axes
  3599 | D:1      | Bought a scroll labelled ZASA PULOIR for 21 gold pieces
  3599 | D:1      | Bought a scroll labelled LAARUC QUALL for 21 gold pieces
  3599 | D:1      | Bought a blue potion for 18 gold pieces
  3599 | D:1      | Bought a scroll labelled AWNANN QUAMA for 21 gold pieces
  3599 | D:1      | Bought a bubbling amethyst potion for 18 gold pieces
  3722 | D:5      | Entered Level 5 of the Dungeon
  3726 | D:5      | Reached XP level 7. HP: 51/61 MP: 6/6
  4099 | D:5      | Noticed Duvessa
  4099 | D:5      | Noticed Dowan
  4107 | D:5      | Killed Duvessa
  4108 | D:5      | Reached skill level 7 in Axes
  4110 | D:5      | Killed Dowan
  4254 | D:5      | Reached XP level 8. HP: 54/70 MP: 7/7
  4395 | D:5      | Found Jepeah's Magic Scroll Emporium.
  4425 | D:5      | Bought a scroll of fear for 44 gold pieces
  4442 | D:5      | Found a broken altar of Ashenzari.
  4482 | D:5      | Noticed Blork the orc
  4492 | D:5      | Killed Blork the orc
  4620 | D:5      | Found a glowing golden altar of the Shining One.
  4632 | D:5      | Reached skill level 1 in Dodging
  4737 | D:5      | Reached skill level 8 in Axes
  4807 | D:5      | Found Eguvunyu's Armour Shop.
  4821 | D:5      | Found an iron altar of Okawaru.
  4866 | D:5      | Found Jocvaz's Distillery.
  4936 | D:5      | Found Riojeesu's Distillery.
  4954 | D:5      | Reached * piety under Cheibriados
  5228 | D:5      | Found a runed translucent door.
  5229 | D:5      | Noticed Crazy Yiuf
  5476 | D:5      | Killed Crazy Yiuf
  5574 | D:6      | Noticed Eustachio
  5589 | D:6      | Killed Eustachio
  5679 | D:6      | Found a staircase to the Ecumenical Temple.
  6184 | D:6      | Noticed Maggie
  6191 | D:6      | Killed Maggie
  6192 | D:6      | Reached skill level 9 in Axes
  6192 | D:6      | Reached XP level 9. HP: 46/79 MP: 8/8
  6193 | D:6      | Reached ** piety under Cheibriados
  6586 | D:7      | Paralysed by a wight for 3 turns
  6891 | D:7      | Reached skill level 10 in Axes
  6903 | D:7      | Reached *** piety under Cheibriados
  7341 | D:8      | Reached skill level 1 in Invocations
  7348 | D:8      | Reached skill level 1 in Evocations
  7627 | D:8      | Found a hide-covered altar of Uskayaw.
  7670 | D:8      | Reached **** piety under Cheibriados
  7689 | D:8      | Reached XP level 10. HP: 78/88 MP: 8/10
  8166 | D:9      | Reached skill level 11 in Axes
  8167 | D:9      | Reached skill level 5 in Dodging
  8276 | D:9      | Identified the +8 rapier "Woul" {venom, rC+}
  8305 | D:9      | Found a flagged portal.
  8313 | Bailey   | Entered a bailey
  8401 | Bailey   | Reached ***** piety under Cheibriados
  8442 | Bailey   | Found an iron altar of Okawaru.
  8447 | Bailey   | Identified the +1 scale mail of Imooskamn {rF- Int+4}
  8568 | D:9      | Found a staircase to the Orcish Mines.
  8808 | D:10     | Entered Level 10 of the Dungeon
  9076 | D:10     | Noticed a two-headed ogre
  9088 | D:10     | Killed a two-headed ogre
  9233 | D:10     | Noticed a death yak
  9233 | D:10     | Noticed a death yak
  9234 | D:10     | Noticed a death yak
  9234 | D:10     | Found a staircase to the Lair.
  9234 | D:10     | Noticed a death yak
  9234 | D:10     | Noticed a death yak
  9236 | D:10     | Noticed a death yak
  9240 | D:10     | Killed a death yak
  9243 | D:10     | Reached XP level 11. HP: 33/97 MP: 12/12
  9257 | D:10     | Killed a death yak
  9260 | D:10     | Killed a death yak
  9261 | D:10     | Reached skill level 12 in Axes
  9261 | D:10     | Killed a death yak
  9262 | D:10     | Slain by a yak

Illustrated notes

Levels and vault maps discovered:
D:1:      psy_arrival_basics, layout_loops_ring, serial_shops, shop_statue
D:2:      layout_loops_cross, shapermc_ecumenical_altar_rom_forum, serial_shops,
          shop, uniq_sigmund
D:3:      layout_basic
D:4:      layout_basic, slow_altar_1, skrybe_limestone_x
D:5:      layout_loops_corners, mainiacjoe_overflow_alcove_1,
          hellmonk_okawaru_the_only_friend_you_need,
          nicolae_tso_besieged_by_evil, serial_shops, nicolae_shop_tiny_glass,
          shop, nicolae_stop_n_shop_2, shop, grunt_ministairs_9,
          minmay_small_thing, uniq_blork_the_orc, uniq_duvessa,
          uniq_crazy_yiuf_cottage
D:6:      layout_loops_corners, minmay_temple_entry_glass, uniq_eustachio,
          uniq_maggie
D:7:      layout_rooms
D:8:      layout_gridville, mainiacjoe_overflow_chevrons
D:9:      layout_rooms, orc_0_dummy, enter_bailey_6, dk_noncrumbling_4
D:10:     layout_loops_ring, dpeg_lair_monsters

Skill      XL: |  1  2  3  4  5  6  7  8  9 10 11 |
---------------+----------------------------------+-----
Axes           | 3 4 5 6 7 9 10 11 12 | 12.1
Armour         | 4 5 6 7 8 9 |  9.3
Fighting       | 4 5 6 7 8 9 |  9.3
Shields        | 4 5 6 7 8 9 |  9.1
Dodging        | 3 4 5 6 |  6.0
Invocations    | 1 3 |  3.7
Evocations     | 1 3 |  3.3

Action                     |  1- 3 |  4- 6 |  7- 9 | 10-12 || total
---------------------------+-------+-------+-------+-------++-------
  Melee: War axe           |    74 |    86 |   216 |    65 ||   441
         Headbutt          |     6 |    18 |    42 |    33 ||    99
         Broad axe         |       |       |       |    44 ||    44
 Invoke: Temporal Distorti |       |       |       |     2 ||     2
    Use: Scroll            |       |    10 |     5 |     3 ||    18
         Potion            |       |       |     1 |     1 ||     2
 Armour: Scale mail        |    50 |    68 |   132 |       ||   250
         Swamp dragon scal |       |       |    82 |    65 ||   147
  Dodge: Dodged            |    39 |    45 |   157 |   106 ||   347
  Block: Buckler           |    19 |    20 |    62 |    58 ||   159
